 Dungeon Crawl Stone Soup version 0.31-a0-986-g5e6e4ef867 (webtiles) character file.

Game seed: 4808011377425768375

82592 pokeman the Sorcerer (level 15, -9/82 HPs)
             Began as a Deep Elf Hedge Wizard on Nov 9, 2023.
             Was a High Priest of Vehumet.
             Killed by divine providence
             ... invoked by an orc priest
              (13 damage)
             ... on level 1 of the Orcish Mines.
             The game lasted 00:57:41 (27271 turns).

pokeman the Sorcerer (Deep Elf Hedge Wizard)       Turns: 27271, Time: 00:57:42

Health: -9/82      AC:  9    Str:  7    XL:     15   Next: 29%
Magic:  6/42       EV: 11    Int: 27    God:    Vehumet [*****.]
Gold:   2419       SH:  6    Dex: 14    Spells: 14/57 levels left

rFire   + + +        B - staff of fire
rCold   x x .        j - +1 buckler {reflect}
rNeg    . . .        Q - +0 acid dragon scales
rPois   .            f - +0 helmet
rElec   .            (no cloak)
rCorr   +            Z - +2 pair of gloves
SInv    .            D - +0 pair of boots
Will    +....        p - amulet of regeneration
Stlth   ++           e - ring of fire
HPRegen 1.13/turn    l - ring of fire
MPRegen 0.28/turn

%: reflection
@: marked, corroded, on blink cooldown
A: no striking features
a: Renounce Religion


You were on level 1 of the Orcish Mines.
You worshipped Vehumet.
Vehumet was extremely pleased with you.
You visited 4 branches of the dungeon, and saw 23 of its levels.
You also visited: Ossuary and Bailey.

You collected 2419 gold pieces.

Inventory:

Missiles
 g - 9 curare-tipped darts
 R - 6 throwing nets
Armour
 f - a +0 helmet (worn)
 j - a +1 buckler of reflection (worn)
 D - a +0 pair of boots (worn)
 J - a +2 ring mail of cold resistance
 M - a scarf of resistance
 Q - +0 acid dragon scales (worn)
 Z - a +2 pair of gloves (worn)
Magical Staves
 h - a staff of cold
 B - a staff of fire (weapon)
Jewellery
 e - a ring of fire (left hand)
 i - a ring of magical power
 l - a ring of fire (right hand)
 p - an amulet of regeneration (around neck)
 w - a ring of willpower
 W - a ring of protection from cold
Wands
 a - a wand of polymorph (6)
 b - a wand of paralysis (17)
 s - a wand of acid (6)
 A - a wand of roots (22)
 G - a wand of digging (8)
Scrolls
 c - a scroll of enchant weapon
 o - 2 scrolls of revelation
 x - a scroll of amnesia
 z - a scroll of torment
 C - 3 scrolls of immolation {unknown}
 E - 4 scrolls of enchant armour {unknown}
 I - a scroll of teleportation {unknown}
 L - 3 scrolls of blinking {unknown}
 N - a scroll of acquirement {unknown}
 P - 2 scrolls of brand weapon {unknown}
 X - a scroll of fog {unknown}
Potions
 d - 4 potions of magic
 m - a potion of resistance
 n - 2 potions of lignification
 q - 11 potions of curing
 t - 3 potions of cancellation {unknown}
 u - 8 potions of heal wounds
 F - 6 potions of haste {unknown}
 H - 3 potions of attraction {unknown}
 K - 2 potions of might {unknown}
 O - a potion of ambrosia {unknown}
 S - 3 potions of invisibility {unknown}
Miscellaneous
 k - a box of beasts
 r - a phial of floods
 v - a lightning rod (4/4)


   Skills:
 - Level 5.0 Fighting
 + Level 6.4 Armour
 - Level 3.0 Dodging
 - Level 3.1 Stealth
 - Level 6.0 Shields
 * Level 21.7 Spellcasting
 + Level 14.4 Conjurations
 - Level 1.1 Summonings
 - Level 1.0 Necromancy
 - Level 1.1 Translocations
 - Level 1.0 Transmutations
 + Level 12.8 Fire Magic
 - Level 2.1 Ice Magic
 - Level 2.2 Air Magic
 - Level 2.1 Earth Magic
 - Level 1.0 Poison Magic
 - Level 1.0 Evocations


You had 14 spell levels left.
You knew the following spells:

 Your Spells              Type           Power      Damage    Failure   Level
a - Magic Dart            Conj           100%       1d8       0%          1
b - Mephitic Cloud        Conj/Pois/Air  57%        N/A       1%          3
c - Call Imp              Summ           70%        N/A       3%          2
d - Blink                 Tloc           70%        N/A       3%          2
e - Fireball              Conj/Fire      74%        3d28      1%          5
f - Stone Arrow           Conj/Erth      100%       3d13      1%          3
g - Freezing Cloud        Conj/Ice/Air   29%        6-21      1%          5
h - Ignite Poison         Fire/Tmut/Pois 100%       N/A       1%          3
i - Lee's Rapid Deconstr  Erth           20%        3d12*     11%         5
j - Swiftness             Air            41%        N/A       4%          3
k - Irradiate             Conj/Tmut      31%        3d22      1%          5
l - Bombard               Conj/Erth      32%        9d6       4%          6

Your spell library contained the following spells:

 Spells                   Type           Power      Damage    Failure   Level
 Freeze                   Ice            100%       1d10      1%          1
 Kiss of Death            Conj/Necr      100%       2d13      1%          1
 Shock                    Conj/Air       100%       1d9       1%          1
 Cigotuvi's Dreadful Rot  Necr/Pois/Air  72%        N/A       2%          2
 Slow                     Hex            100%       N/A       3%          1
 Ensorcelled Hibernation  Hex/Ice        70%        N/A       3%          2
 Ozocubu's Armour         Ice            41%        N/A       4%          3
 Airstrike                Air            20%        2d(3-19)  4%          4
 Conjure Ball Lightning   Conj/Air       32%        3x3d10    4%          6
 Call Canine Familiar     Summ           35%        N/A       6%          3
 Confusing Touch          Hex            29%        N/A       10%         3
 Sigil of Binding         Hex            29%        N/A       10%         3
 Animate Armour           Summ/Erth      76%        N/A       17%         4
 Petrify                  Tmut/Erth      37%        N/A       17%         4
 Dispel Undead            Necr           34%        3d15      22%         4
 Leda's Liquefaction      Hex/Erth       17%        N/A       22%         4
 Dimensional Bullseye     Hex/Tloc       16%        N/A       26%         4
 Lehudib's Crystal Spear  Conj/Erth      32%        10d8      85%         8
 Ozocubu's Refrigeration  Ice            20%        4d12      94%         7
 Discord                  Hex            14%        N/A       100%        8
 Disjunction              Tloc           17%        N/A       100%        8


Dungeon Overview and Level Annotations

Branches:
Dungeon (15/15)            Temple (1/1) D:5            Lair (5/5) D:9
 Shoals (0/4) Lair:2       Spider (0/4) Lair:3        Slime (0/5) Lair:5
    Orc (2/2) D:9             Elf (0/3) Orc:2        Vaults (0/5) D:14
 Depths (0/4) D:15        Ossuary (visited)          Bailey (visited)

Altars:
Ashenzari
Cheibriados
Dithmenos
Elyvilon
Fedhas
Gozag
Hepliaklqana
Kikubaaqudgha
Makhleb
Nemelex Xobeh
Okawaru
Qazlal
Ru
Sif Muna
Trog
Uskayaw
Vehumet
Wu Jian
Xom
Yredelemnul
Zin
The Shining One
Jiyva

Shops:
D:8 (   D:9 (

Annotations:
Orc:2 Saint Roka


Message History

Beogh smites you!
An orc high priest comes into view. It is wielding a +0 battleaxe.
The orc sorcerer mumbles some strange words.
Saint Roka roars a battlecry!
The orc knight goes into a battle-frenzy!
The orc sorcerer points at you and mumbles some strange words.
The bolt of fire hits the rust devil.
The rust devil completely resists.
The bolt of fire hits you. You resist.
The orc knight roars a battlecry!
The orc warrior goes into a battle-frenzy!
The warg attacks as it pursues you! The warg barely misses you.
The orc high priest calls down the wrath of Beogh upon you.
Beogh smites you!
* * * LOW HITPOINT WARNING * * *
The orc sorcerer gestures wildly while chanting.
Saint Roka mumbles some strange prayers to Beogh against you.
Beogh smites you!
* * * LOW HITPOINT WARNING * * *
You block the rust devil's attack.
There is a stone staircase leading up here.
Unknown command.
Unknown command.
The warg barely misses you. The orc priest closely misses you.
Saint Roka calls down the wrath of Beogh upon you.
Beogh smites you!
* * * LOW HITPOINT WARNING * * *
The orc sorcerer gestures wildly while chanting.
The rust devil hits you. The rust devil corrodes you!
The hellwing hits you but does no damage.
The hellwing closely misses you.
You climb upwards.
There is a stone staircase leading down here.
Unknown command.
Unknown command.
Casting: Fireball (safe; 1% risk of failure)
Confirm with . or Enter, or press ? or * to list all spells.
You blink.
The orc priest mumbles some strange prayers to Beogh against you.
Beogh smites you!
You die...

###..###...#........#
##.....##...##....#.##
##.......##.#.......##
###....)[)##.........##
##.......[)#........###
#.......#.#..........#
#...#........#.......##
##.#........##.o......#
##.#..#..@....ยง.....##
#...#......(..h....##
##..........##.....#
##......#..........##
#....####..........#
##....# ##.........#
###.## ####.#.#.## ###
#######


You could see a warg and an orc priest (strong).

Vanquished Creatures
  Gastronok (Lair:2)
  An ironbound preserver (D:14)
  A fire dragon (D:14)
  Snorg (Lair:3)
  Harold (D:11)
  Fannar (D:11)
  An ice dragon (D:15)
  8 hydras
  3 centaur warriors
  2 catoblepae
  3 two-headed ogres
  A deep troll earth mage (D:15)
  A deep troll shaman (Lair:5)
  The ghost of MrSquiggles the Destroyer, a journeyman VSAE of Vehumet (D:8)
  A death knight (D:13)
  5 boulder beetles
  An orc high priest (Orc:2)
  7 death yaks
  Sonja (D:10)
  Nergalle (Orc:1)
  A fire crab (Lair:4)
  2 skysharks (Lair:4)
  Amaemon (Lair:2)
  A pharaoh ant (Lair:3)
  A glowing orange brain (D:14)
  An obsidian statue (D:11)
  An orange crystal statue (D:8)
  2 phantasmal warriors (D:13)
  An arcanist (D:15)
  2 lindwurms (Lair:2)
  4 orc knights
  Pikel (D:4)
  An orc sorcerer (Orc:2)
  2 oklob plants (Lair:5)
  11 ugly things
  4 cyclopes
  2 black mambas
  2 manticores
  19 elephants
  An orange demon (Lair:2)
  A torpor snail (Lair:4)
  9 cane toads
  A rime drake (Lair:1)
  4 kobold demonologists
  2 unseen horrors
  8 komodo dragons
  An efreet (D:14)
  4 freezing wraiths
  A tengu conjurer (D:15)
  4 trolls
  2 polar bears
  2 hornets
  16 blink frogs
  A jumping spider (Lair:3)
  2 slime creatures
  38 yaks
  2 wraiths
  6 wyverns
  A water elemental (D:14)
  Grum (D:8)
  2 basilisks
  A redback (Lair:3)
  2 steam dragons
  3 vampire mosquitoes (D:11)
  2 wargs
  4 acid dragons
  The ghost of pokeman the Magician, an amateur DEHW (D:3)
  21 water moccasins
  26 orc warriors
  3 black bears
  A sky beast (D:7)
  5 ogres
  2 ice beasts
  16 wolves
  6 centaurs
  A lemure (D:4)
  5 phantoms
  7 kobold brigands
  8 bullfrogs
  A gnoll sergeant (D:6)
  6 scorpions
  3 wights (D:9)
  8 killer bees
  An electric eel (Lair:2)
  3 howler monkeys
  A lava snake (D:12)
  2 centaur zombies (Ossuary)
  2 hounds
  A human zombie (Ossuary)
  15 orc priests
  4 gnoll boudas
  7 iguanas
  3 sleepcaps
  24 orc wizards
  2 mummies (Ossuary)
  16 gnolls
  9 adders
  A shadow imp (D:6)
  A white imp (D:7)
  2 ufetubi (D:7)
  2 adder zombies (Ossuary)
  3 worms
  5 dart slugs
  76 orcs
  7 ball pythons
  3 bats
  10 endoplasms
  2 giant cockroaches
  3 goblins
  12 hobgoblins
  2 quokkas
  6 frilled lizards
  8 hobgoblin zombies (Ossuary)
  3 jackal zombies (Ossuary)
  28 kobolds
  13 kobold zombies (Ossuary)
  6 orc zombies (Ossuary)
  7 rats
  2 rat zombies (Ossuary)
634 creatures vanquished.

Vanquished Creatures (collateral kills)
  An orc wizard (D:4)
1 creature vanquished.

Vanquished Creatures (others)
  An electric eel (D:9)
  An orc wizard (D:6)
  An orc (D:4)
3 creatures vanquished.

Grand Total: 638 creatures vanquished

Notes
Turn   | Place    | Note
-------+----------+-------------------------------------------
     0 | D:1      | pokeman the Deep Elf Hedge Wizard began the quest for the
                  | Orb.
     0 | D:1      | Reached XP level 1. HP: 10/10 MP: 7/7
   443 | D:1      | Reached XP level 2. HP: 15/15 MP: 7/9
  1325 | D:2      | Reached skill level 5 in Spellcasting
  1430 | D:2      | Reached XP level 3. HP: 20/20 MP: 8/11
  1434 | D:2      | Learned a level 3 spell: Mephitic Cloud
  1437 | D:2      | Learned a level 2 spell: Call Imp
  1440 | D:2      | Learned a level 2 spell: Blink
  1967 | D:2      | Reached skill level 1 in Fighting
  1967 | D:2      | Reached skill level 1 in Armour
  2131 | D:3      | Found a faded altar of an unknown god.
  2413 | D:3      | Reached XP level 4. HP: 25/25 MP: 10/13
  2594 | D:3      | Found a transporter.
  2595 | D:3      | Noticed pokeman's ghost (amateur DEHW)
  3140 | D:3      | Noticed an ogre
  3141 | D:3      | Noticed an ogre
  3141 | D:3      | Noticed an ogre
  3153 | D:3      | Found a transporter.
  3167 | D:3      | Reached XP level 5. HP: 29/29 MP: 11/15
  3172 | D:3      | Reached skill level 6 in Spellcasting
  4029 | D:4      | Noticed a lemure
  4034 | D:4      | Noticed Pikel
  4038 | D:4      | Reached skill level 1 in Evocations
  4039 | D:4      | Noticed a phantom
  4044 | D:4      | Reached skill level 1 in Poison Magic
  4048 | D:4      | Noticed a lemure
  4048 | D:4      | Noticed a lemure
  4048 | D:4      | Noticed a lemure
  4205 | D:4      | Reached skill level 1 in Ice Magic
  4219 | D:4      | Reached XP level 6. HP: 29/34 MP: 5/17
  4221 | D:4      | Reached skill level 1 in Air Magic
  4583 | D:4      | Reached skill level 1 in Shields
  4842 | D:4      | Killed Pikel
  4843 | D:4      | Reached XP level 7. HP: 28/38 MP: 12/18
  4913 | D:5      | Entered Level 5 of the Dungeon
  5078 | D:5      | Reached skill level 7 in Spellcasting
  5078 | D:5      | Reached XP level 8. HP: 25/43 MP: 1/20
  5130 | D:5      | Found a staircase to the Ecumenical Temple.
  5139 | Temple   | Entered the Ecumenical Temple
  5198 | Temple   | Became a worshipper of Vehumet
  5452 | D:5      | Reached skill level 1 in Fire Magic
  5837 | D:5      | Reached skill level 8 in Spellcasting
  6572 | D:6      | Reached skill level 1 in Necromancy
  6661 | D:6      | Reached * piety under Vehumet
  6661 | D:6      | Offered knowledge of Freeze by Vehumet.
  6676 | D:6      | Learned a level 3 spell: Ignite Poison
  6684 | D:6      | Learned a level 5 spell: Freezing Cloud
  6697 | D:6      | Found a sand-covered staircase.
  6703 | Ossuary  | Entered an ossuary
  6837 | Ossuary  | Offered knowledge of Static Discharge by Vehumet.
  6843 | Ossuary  | Reached ** piety under Vehumet
  6853 | Ossuary  | Reached skill level 9 in Spellcasting
  7070 | D:6      | Reached skill level 1 in Transmutations
  7502 | D:6      | Reached XP level 9. HP: 48/48 MP: 17/24
  7509 | D:6      | Reached skill level 1 in Earth Magic
  8087 | D:7      | Reached skill level 10 in Spellcasting
  8185 | D:7      | Offered knowledge of Frozen Ramparts by Vehumet.
  8445 | D:7      | Learned a level 3 spell: Stone Arrow
  8826 | D:7      | Reached *** piety under Vehumet
  9458 | D:8      | Found a runed translucent door.
  9459 | D:8      | Noticed MrSquiggles's ghost (journeyman VSAE)
  9495 | D:8      | Reached skill level 11 in Spellcasting
  9512 | D:8      | Offered knowledge of Olgreb's Toxic Radiance by Vehumet.
  9837 | D:8      | Found Payptaxt's Weapon Shoppe.
  9945 | D:8      | Noticed an orange crystal statue
 10149 | D:8      | Found a hide-covered altar of Uskayaw.
 10156 | D:8      | Found a sparkling altar of Nemelex Xobeh.
 10159 | D:8      | Found a shimmering altar of Xom.
 10159 | D:8      | Found a stormy altar of Qazlal.
 10159 | D:8      | Noticed Grum
 10164 | D:8      | Reached XP level 10. HP: 56/56 MP: 22/27
 10170 | D:8      | Killed Grum
 10171 | D:8      | Reached skill level 5 in Fire Magic
 10177 | D:8      | Found an ancient bone altar of Kikubaaqudgha.
 10501 | D:8      | Killed MrSquiggles's ghost
 10733 | D:3      | Reached skill level 12 in Spellcasting
 10734 | D:3      | Killed pokeman's ghost
 11098 | D:9      | Identified the staff "Piczagil" {rPois Str-3 Int+5 Dex+3
                  | Earth}
 11156 | D:9      | Reached **** piety under Vehumet
 11177 | D:9      | Found a flagged portal.
 11235 | Bailey   | Entered a bailey
 11267 | Bailey   | Offered knowledge of Fireball by Vehumet.
 11283 | Bailey   | Learned a level 5 spell: Fireball
 11314 | Bailey   | Reached skill level 13 in Spellcasting
 11325 | Bailey   | Noticed an orc knight
 11374 | Bailey   | Identified the +2 storm dragon scales "Heaq Gir" {rElec
                  | rPois}
 11380 | Bailey   | Killed an orc knight
 11563 | Bailey   | Identified the +3 scale mail of Modesty {+Blink +Inv rElec}
 11566 | Bailey   | Noticed an orc knight
 11570 | Bailey   | Killed an orc knight
 11571 | Bailey   | Reached XP level 11. HP: 55/60 MP: 21/30
 11622 | Bailey   | Found a burning altar of Makhleb.
 11963 | D:9      | Reached skill level 14 in Spellcasting
 11963 | D:9      | Reached skill level 10 in Conjurations
 12046 | D:9      | Found a staircase to the Lair.
 12354 | D:9      | Found a staircase to the Orcish Mines.
 12354 | D:9      | Found Toelooff's Weapon Emporium.
 12909 | D:10     | Entered Level 10 of the Dungeon
 13004 | D:10     | Reached ***** piety under Vehumet
 13285 | D:10     | Offered knowledge of Lee's Rapid Deconstruction by Vehumet.
 13293 | D:10     | Learned a level 5 spell: Lee's Rapid Deconstruction
 13510 | D:10     | Noticed Sonja
 13513 | D:10     | Killed Sonja
 13615 | D:11     | Noticed Harold
 13618 | D:11     | Killed Harold
 13619 | D:11     | Reached skill level 15 in Spellcasting
 13624 | D:11     | Noticed a two-headed ogre
 13629 | D:11     | Killed a two-headed ogre
 13641 | D:11     | Noticed Fannar
 13644 | D:11     | Killed Fannar
 13849 | D:11     | Reached XP level 12. HP: 64/64 MP: 26/33
 13882 | D:11     | Noticed a boulder beetle
 13884 | D:11     | Killed a boulder beetle
 14855 | D:11     | Reached skill level 16 in Spellcasting
 15123 | D:12     | Learned a level 3 spell: Swiftness
 16048 | D:13     | Noticed a five-headed hydra
 16051 | D:13     | Killed a five-headed hydra
 16152 | D:13     | Noticed a death knight
 16208 | D:13     | Killed a death knight
 16377 | D:13     | Noticed a two-headed ogre
 16379 | D:13     | Killed a two-headed ogre
 16455 | D:13     | Reached skill level 17 in Spellcasting
 16506 | D:13     | Noticed a five-headed hydra
 16508 | D:13     | Killed a five-headed hydra
 16820 | D:14     | Reached skill level 5 in Fighting
 16836 | D:14     | Reached XP level 13. HP: 51/72 MP: 22/36
 16863 | D:14     | Noticed an ironbound preserver
 16867 | D:14     | Killed an ironbound preserver
 17079 | D:14     | Reached skill level 10 in Fire Magic
 17220 | D:14     | Found a gate to the Vaults.
 17308 | D:14     | Reached skill level 18 in Spellcasting
 17365 | D:14     | Noticed a fire dragon
 17373 | D:14     | Killed a fire dragon
 17373 | D:14     | Offered knowledge of Yara's Violent Unravelling by Vehumet.
 18055 | D:15     | Entered Level 15 of the Dungeon
 18069 | D:15     | Reached skill level 5 in Armour
 18606 | D:15     | Found a hazy altar of Hepliaklqana.
 18957 | D:15     | Found a staircase to the Depths.
 19123 | Lair:1   | Identified the "Sautimy"
 19123 | Lair:1   | Entered Level 1 of the Lair of Beasts
 19131 | Lair:1   | Reached skill level 19 in Spellcasting
 19569 | Lair:1   | Reached skill level 5 in Shields
 19794 | Lair:1   | Learned a level 5 spell: Irradiate
 20312 | Lair:2   | Reached XP level 14. HP: 74/78 MP: 33/39
 20314 | Lair:2   | Noticed Gastronok
 20328 | Lair:2   | Killed Gastronok
 20839 | Lair:2   | Found a staircase to the Shoals.
 20878 | Lair:2   | Noticed Amaemon
 20880 | Lair:2   | Killed Amaemon
 21223 | Lair:2   | Reached skill level 20 in Spellcasting
 22052 | Lair:3   | Noticed Snorg
 22055 | Lair:3   | Killed Snorg
 22337 | Lair:3   | Offered knowledge of Bombard by Vehumet.
 22345 | Lair:3   | Learned a level 6 spell: Bombard
 22506 | Lair:3   | Found a hole to the Spider Nest.
 23460 | Lair:4   | Reached skill level 21 in Spellcasting
 24279 | Lair:5   | Entered Level 5 of the Lair of Beasts
 24589 | Lair:5   | Found a viscous altar of Jiyva.
 24620 | Lair:5   | Found a staircase to the Slime Pits.
 24942 | Lair:5   | Reached XP level 15. HP: 82/82 MP: 12/42
 26051 | Orc:1    | Entered Level 1 of the Orcish Mines
 26082 | Orc:1    | Noticed Nergalle
 26087 | Orc:1    | Killed Nergalle
 26880 | Orc:2    | Entered Level 2 of the Orcish Mines
 27103 | Orc:2    | Found a staircase to the Elven Halls.
 27265 | Orc:2    | Noticed Saint Roka
 27269 | Orc:2    | HP: 1/82 [Saint Roka/divine providence (13)]
 27271 | Orc:1    | Killed from afar by an orc priest

Illustrated notes

Levels and vault maps discovered:
D:1:      amcnicky_arrival_blooded_trapdoor, layout_basic
D:2:      layout_loops_ring
D:3:      layout_loops_cross, gammafunk_ghost_smash,
          nicolae_ecumenical_pavilion, minmay_circle_x
D:4:      layout_loops_cross, minmay_misc_feat_doors, uniq_pikel
D:5:      layout_layer_cave, minmay_temple_entry_wispy
D:6:      kb_forest_paths, layout_basic, enter_ossuary_5
D:7:      layout_basic, nicolae_grassy_gnolls
D:8:      minmay_statue_hallways, layout_basic,
          nicolae_overflow_hallway_of_the_gods, gammafunk_ghost_grave,
          serial_shops, nicolae_shop_scrapyard, uniq_grum
D:9:      layout_basic, minmay_lair_entry_grove, orc_david_3, enter_bailey_8,
          minmay_checkerbox
D:10:     layout_basic, uniq_sonja
D:11:     layout_long_grid, minmay_statue_bubble, uniq_harold, uniq_fannar
D:12:     layout_loops_ring, hex_medium, kennysheep_minor_cross
D:13:     layout_rooms
D:14:     layout_rooms, hellmonk_vaults_order_and_chaos, minmay_misc_feat_tower,
          serial_bayou_lagoon_a
D:15:     hellmonk_depths_entry_around_the_bend, layout_irregular_city,
          nicolae_hepliaklqana_hippocampus
Temple:   minmay_crystal_spiral_temple
Lair:1:   layout_gridlike
Lair:2:   layout_regular_city, elwin_shoals_entry_rooms, uniq_gastronok,
          uniq_amaemon
Lair:3:   layout_loops_ring, nicolae_spider_entry_lesser_pyramids, uniq_snorg
Lair:4:   layout_big_grid, grunt_megastairs_1
Lair:5:   grunt_lair_end_beastmaster, layout_regular_city,
          minmay_slime_entry_oklob_open, patterned_corridor
Orc:1:    layout_caves, basic_altar, uniq_nergalle
Orc:2:    grunt_orc_cross, layout_caves, serial_shops,
          nicolae_shop_window_shopping

Skill      XL: |  1  2  3  4  5  6  7  8  9 10 11 12 13 14 15 |
---------------+----------------------------------------------+-----
Spellcasting   | 5 6 7 9 11 13 15 17 19 21 | 21.7
Fighting       | 1 3 5 |  5.0
Armour         | 1 2 3 4 5 6 |  6.4
Conjurations   | 2 6 7 8 9 10 11 13 14 | 14.4
Stealth        | 3 |  3.1
Dodging        | 3 |  3.0
Evocations     | 1 |  1.0
Poison Magic   | 1 |  1.0
Ice Magic      | 2 |  2.1
Air Magic      | 2 |  2.2
Shields        | 1 2 3 4 5 6 |  6.0
Fire Magic     | 3 4 6 8 9 11 12 | 12.8
Necromancy     | 1 |  1.0
Transmutations | 1 |  1.0
Earth Magic    | 2 |  2.1
Summonings     | |  1.1
Translocations | |  1.1

Action                     |  1- 3 |  4- 6 |  7- 9 | 10-12 | 13-15 || total
---------------------------+-------+-------+-------+-------+-------++-------
  Melee: Dagger            |    30 |    86 |   136 |       |       ||   252
         Staff             |       |       |    41 |    14 |     2 ||    57
         Punch             |       |       |     4 |     1 |     1 ||     6
         Rapier            |       |       |    46 |    41 |       ||    87
   Cast: Magic Dart        |   105 |   118 |   168 |    33 |       ||   424
         Mephitic Cloud    |       |    12 |    45 |    18 |     3 ||    78
         Blink             |       |     2 |       |     6 |     5 ||    13
         Call Imp          |       |     2 |     2 |       |       ||     4
         Ignite Poison     |       |       |    22 |     6 |       ||    28
         Stone Arrow       |       |       |     7 |    21 |    12 ||    40
         Fireball          |       |       |       |   116 |   297 ||   413
         Lee's Rapid Decon |       |       |       |     7 |       ||     7
         Freezing Cloud    |       |       |       |     3 |     5 ||     8
         Irradiate         |       |       |       |       |     4 ||     4
  Evoke: Wand              |       |       |       |     2 |     1 ||     3
    Use: Scroll            |       |       |       |    12 |     5 ||    17
   Stab: Sleeping          |     1 |     1 |       |       |       ||     2
         Confused          |       |     6 |    14 |     3 |       ||    23
 Armour: Robe              |    21 |    47 |    70 |       |       ||   138
         Steam dragon scal |       |       |    41 |    41 |       ||    82
         Acid dragon scale |       |       |       |    15 |    53 ||    68
  Dodge: Dodged            |    28 |    42 |   141 |    32 |    32 ||   275
  Block: Buckler           |       |       |       |       |    16 ||    16
         Reflection        |       |       |       |       |     3 ||     3

Table legend: (Time is in decaauts)
 A = Elapsed time spent in this place.
 B = Non-inter-level travel time spent in this place.
 C = Inter-level travel time spent in this place.
 D = Time resting spent in this place.
 E = Time spent auto-exploring this place.
 F = Levels seen in this place.
 G = Mean time per level.
                   A        B        C        D        E       F      G
               +--------+--------+--------+--------+--------+-----+--------+
         Total |  27363 |  24768 |   2595 |   1939 |  19282 |  25 | 1094.5 |
       Dungeon |  19034 |  17067 |   1967 |   1083 |  13486 |  15 | 1268.9 |
        Temple |    217 |     91 |    126 |      0 |      0 |   1 |  217.0 |
          Lair |   6468 |   5985 |    483 |    627 |   4822 |   5 | 1293.6 |
  Orcish Mines |    889 |    871 |     18 |     86 |    644 |   2 |  444.5 |
       Ossuary |    335 |    335 |      0 |     95 |     67 |   1 |  335.0 |
        Bailey |    419 |    419 |      0 |     48 |    263 |   1 |  419.0 |
               +--------+--------+--------+--------+--------+-----+--------+

Top non-repeatable levels by time:
     D:9: 1873 daAuts
     D:8: 1734 daAuts
     D:5: 1685 daAuts
     D:6: 1419 daAuts
  Lair:5: 1406 daAuts
     D:7: 1370 daAuts
  Lair:2: 1366 daAuts
     D:3: 1337 daAuts
     D:4: 1308 daAuts
  Lair:4: 1299 daAuts
     D:1: 1277 daAuts
  Lair:1: 1265 daAuts
    D:11: 1265 daAuts
     D:2: 1187 daAuts
  Lair:3: 1129 daAuts
